[ AOE2 MATCH · #478851556 ]
Team RMMagyars vs Burgundians
[ REPLAY ANALYSIS · EXTRACTED FROM THE RECORDED GAME ]
Feudal
—
Castle
—
Imperial
—
| APM avg | 16.0 |
| APM peak | 52 |
| eAPM avg | 12.3 |
| Villagers / military | 154 / 214 |
Focus
⚔️ 42.5% · 🌾 57.5%
Scorpion ×48 · Battering Ram ×41 · Skirmisher ×36 · Spearman ×30 · Knight ×23 · Demolition Raft ×16
Feudal
16:35
Castle
25:09
Imperial
42:20
| APM avg | 19.7 |
| APM peak | 62 |
| eAPM avg | 9.8 |
| Villagers / military | 103 / 242 |
Focus
⚔️ 46.2% · 🌾 53.8%
Knight ×154 · Archer ×52 · Demolition Raft ×9 · Trebuchet (Packed) ×9 · Fishing Ship ×8 · War Elephant ×8
Feudal
16:53
Castle
21:42
Imperial
—
| APM avg | 9.2 |
| APM peak | 32 |
| eAPM avg | 6.7 |
| Villagers / military | 88 / 27 |
Focus
⚔️ 28.4% · 🌾 71.6%
Fishing Ship ×42 · Unknown (2626) ×25 · Conquistador ×22 · Mangonel ×5
Feudal
20:31
Castle
33:34
Imperial
49:52
| APM avg | 21.6 |
| APM peak | 66 |
| eAPM avg | 13.6 |
| Villagers / military | 89 / 184 |
Focus
⚔️ 44.3% · 🌾 55.7%
Spearman ×85 · Knight ×51 · Fishing Ship ×19 · Cannon Galleon ×10 · Unknown (2626) ×8 · Fire Galley ×7
Match map
Initial resources + every placement click. Lines = walls · curves = elevation contours. ◆ gold · ⬟ stone · ● berries · ✦ relic · ◌ wall gap
Your base· Open — 3t gap
DarKLORD JK's base· Open — 5t gap
hass's base· Open — 6t gap
manu.sf's base· Open — 13t gap
Smoothed initial terrain · ◌ = detected wall gap · hover for details
Inputs per minute
— frizboum - - DarKLORD JK
Build order — frizboum
First 150 of 544 actions detected
| 0:34 | Build | House |
| 0:36 | Build | House |
| 0:43 | Build | Dock |
| 1:48 | Build | Town Center |
| 3:54 | Create | Villager (Male) |
| 3:55 | Create | Villager (Male) |
| 3:55 | Create | Villager (Male) |
| 3:56 | Create | Villager (Male) |
| 3:56 | Create | Villager (Male) |
| 4:34 | Create | Villager (Male) |
| 5:11 | Create | Villager (Male) |
| 5:11 | Create | Villager (Male) |
| 5:30 | Create | Villager (Male) |
| 5:59 | Create | Villager (Male) |
| 5:59 | Create | Villager (Male) |
| 6:45 | Create | Villager (Male) |
| 6:46 | Create | Villager (Male) |
| 7:03 | Create | Villager (Male) |
| 7:03 | Create | Villager (Male) |
| 7:24 | Create | Villager (Male) |
| 7:24 | Create | Villager (Male) |
| 7:54 | Build | House |
| 8:00 | Create | Villager (Male) |
| 8:15 | Build | Lumber Camp |
| 8:22 | Create | Villager (Male) |
| 8:28 | Create | Villager (Male) |
| 8:31 | Build | House |
| 8:42 | Research | Loom |
| 8:47 | Build | House |
| 9:02 | Create | Villager (Male) |
| 9:06 | Build | House |
| 9:31 | Create | Fishing Ship |
| 9:40 | Create | Villager (Male) |
| 10:08 | Create | Villager (Male) |
| 10:16 | Create | Fishing Ship |
| 10:35 | Create | Villager (Male) |
| 10:51 | Create | Fishing Ship |
| 10:51 | Create | Fishing Ship |
| 10:52 | Create | Fishing Ship |
| 11:06 | Create | Villager (Male) |
| 11:48 | Build | Barracks |
| 11:59 | Create | Fishing Ship |
| 12:18 | Create | Villager (Male) |
| 12:26 | Create | Villager (Male) |
| 12:26 | Create | Villager (Male) |
| 12:28 | Create | Villager (Male) |
| 12:31 | Create | Villager (Male) |
| 12:34 | Create | Fishing Ship |
| 13:02 | Build | Mining Camp |
| 13:16 | Create | Villager (Male) |
| 13:41 | Create | Fishing Ship |
| 13:42 | Create | Fishing Ship |
| 13:48 | Build | House |
| 13:49 | Build | House |
| 13:58 | Create | Villager (Male) |
| 14:24 | Create | Villager (Male) |
| 14:43 | Build | House |
| 14:44 | Build | House |
| 15:07 | Create | Villager (Male) |
| 15:20 | Create | Villager (Male) |
| 15:50 | Create | Fishing Ship |
| 15:51 | Create | Fishing Ship |
| 15:51 | Create | Fishing Ship |
| 16:07 | Create | Villager (Male) |
| 16:08 | Create | Villager (Male) |
| 16:14 | Build | House |
| 16:15 | Build | House |
| 16:17 | Build | House |
| 16:17 | Build | House |
| 16:38 | Research | Feudal Age |
| 17:10 | Create | Villager (Male) |
| 17:11 | Create | Villager (Male) |
| 17:26 | Build | Mining Camp |
| 17:32 | Build | House |
| 17:34 | Build | House |
| 17:35 | Build | House |
| 17:37 | Build | House |
| 17:38 | Build | House |
| 17:40 | Build | House |
| 17:43 | Create | Villager (Male) |
| 17:43 | Create | Villager (Male) |
| 17:54 | Create | Fishing Ship |
| 17:54 | Create | Fishing Ship |
| 17:55 | Create | Fishing Ship |
| 18:45 | Create | Villager (Male) |
| 19:17 | Build | Stable |
| 19:29 | Build | Stable |
| 19:52 | Build | Mill |
| 19:57 | Create | Villager (Male) |
| 20:04 | Research | Double-Bit Axe |
| 20:21 | Build | Blacksmith |
| 20:25 | Research | Bloodlines |
| 20:26 | Create | Scout Cavalry |
| 20:26 | Create | Scout Cavalry |
| 20:26 | Create | Scout Cavalry |
| 20:27 | Create | Scout Cavalry |
| 20:27 | Create | Scout Cavalry |
| 20:27 | Create | Scout Cavalry |
| 20:27 | Create | Scout Cavalry |
| 20:51 | Build | Dock |
| 21:15 | Build | Mining Camp |
| 21:24 | Build | Farm |
| 21:41 | Research | Scale Barding Armor |
| 21:47 | Create | Scout Cavalry |
| 21:47 | Create | Scout Cavalry |
| 21:47 | Create | Scout Cavalry |
| 21:48 | Create | Scout Cavalry |
| 21:59 | Create | Villager (Male) |
| 22:00 | Create | Villager (Male) |
| 22:00 | Create | Villager (Male) |
| 22:00 | Create | Villager (Male) |
| 22:43 | Build | House |
| 22:45 | Build | House |
| 22:46 | Build | House |
| 22:47 | Build | House |
| 22:48 | Build | Barracks |
| 22:52 | Create | Villager (Male) |
| 22:53 | Create | Villager (Male) |
| 23:14 | Create | Unit 2626 |
| 23:14 | Create | Unit 2626 |
| 23:14 | Create | Unit 2626 |
| 23:14 | Create | Unit 2626 |
| 23:15 | Create | Unit 2626 |
| 23:36 | Build | Stable |
| 24:16 | Create | Villager (Male) |
| 24:16 | Create | Villager (Male) |
| 24:17 | Create | Villager (Male) |
| 24:25 | Build | Farm |
| 24:27 | Build | Farm |
| 24:28 | Build | Farm |
| 24:30 | Build | Farm |
| 24:32 | Build | Farm |
| 24:33 | Build | Farm |
| 24:35 | Build | Farm |
| 24:47 | Build | House |
| 24:48 | Build | House |
| 24:49 | Build | House |
| 24:50 | Build | House |
| 24:51 | Build | House |
| 24:52 | Build | House |
| 25:35 | Build | Market |
| 25:39 | Build | House |
| 25:40 | Build | House |
| 25:42 | Build | House |
| 25:48 | Create | Villager (Male) |
| 25:48 | Create | Villager (Male) |
| 26:31 | Create | Unit 2626 |
| 26:33 | Create | Unit 2626 |
| 26:34 | Create | Unit 2626 |
| 26:40 | Research | Castle Age |
Build order — DarKLORD JK
First 150 of 287 actions detected
| 0:36 | Build | Dock |
| 2:25 | Build | Town Center |
| 2:51 | Build | House |
| 4:30 | Create | Villager (Male) ×5 |
| 4:38 | Create | Fishing Ship |
| 5:47 | Build | House |
| 6:25 | Create | Villager (Male) ×2 |
| 7:00 | Create | Fishing Ship |
| 7:17 | Create | Fishing Ship |
| 7:34 | Build | House |
| 7:57 | Create | Villager (Male) ×3 |
| 8:43 | Create | Fishing Ship |
| 9:12 | Create | Villager (Male) ×4 |
| 9:30 | Create | Villager (Male) |
| 9:45 | Build | House |
| 9:58 | Create | Fishing Ship |
| 10:05 | Research | Loom |
| 10:08 | Create | Villager (Male) |
| 10:09 | Create | Villager (Male) |
| 10:17 | Build | House |
| 11:03 | Create | Villager (Male) |
| 11:12 | Build | House |
| 12:00 | Create | Villager (Male) |
| 12:01 | Create | Villager (Male) |
| 12:47 | Create | Villager (Male) |
| 12:48 | Create | Villager (Male) |
| 13:03 | Build | Lumber Camp |
| 13:31 | Create | Villager (Male) |
| 13:34 | Create | Fishing Ship |
| 14:32 | Research | Feudal Age |
| 15:02 | Build | Barracks |
| 15:53 | Build | Mill |
| 16:31 | Build | Mining Camp |
| 16:35 | Age | Feudal Age |
| 16:40 | Create | Villager (Male) |
| 16:40 | Create | Villager (Male) |
| 16:53 | Build | Dock |
| 16:59 | Create | Villager (Male) |
| 17:09 | Build | House |
| 17:12 | Build | House |
| 17:37 | Build | Stable |
| 17:46 | Create | Villager (Male) |
| 17:46 | Create | Villager (Male) |
| 18:07 | Create | Demolition Raft |
| 18:08 | Create | Demolition Raft |
| 18:11 | Create | Demolition Raft |
| 18:17 | Create | Fishing Ship |
| 18:17 | Create | Fishing Ship |
| 18:42 | Create | Fire Galley |
| 18:43 | Create | Fire Galley |
| 18:48 | Create | Villager (Male) |
| 18:48 | Create | Villager (Male) |
| 18:53 | Build | House |
| 19:41 | Create | Villager (Male) |
| 19:41 | Create | Villager (Male) |
| 20:49 | Create | Villager (Male) |
| 21:11 | Build | Blacksmith |
| 21:19 | Build | Farm |
| 21:22 | Create | Villager (Male) |
| 21:22 | Create | Villager (Male) |
| 22:40 | Build | Palisade Gate |
| 22:42 | Build | House |
| 22:43 | Research | Castle Age |
| 22:59 | Build | Mining Camp |
| 24:23 | Create | Fire Galley |
| 24:23 | Create | Fire Galley |
| 24:27 | Create | Unit 2626 |
| 24:44 | Build | Palisade Gate |
| 24:50 | Build | House |
| 24:58 | Build | House |
| 25:03 | Build | Palisade Gate |
| 25:09 | Age | Castle Age |
| 25:12 | Create | Villager (Male) |
| 25:13 | Create | Villager (Male) |
| 25:17 | Build | Town Center |
| 25:30 | Build | Town Center |
| 25:43 | Build | House |
| 25:44 | Build | House |
| 26:02 | Build | Gate |
| 26:05 | Build | House |
| 26:09 | Build | Stone Wall |
| 26:12 | Build | Stone Wall |
| 26:30 | Build | Town Center |
| 26:59 | Create | Villager (Male) ×5 |
| 27:45 | Create | Villager (Male) ×5 |
| 27:50 | Build | House |
| 28:34 | Research | Wheelbarrow |
| 28:35 | Create | Villager (Male) ×5 |
| 28:41 | Build | House |
| 28:43 | Build | House |
| 28:55 | Build | House |
| 28:59 | Build | Gate |
| 29:10 | Build | Gate |
| 29:15 | Build | Monastery |
| 29:19 | Build | Stable |
| 29:21 | Build | Stable |
| 29:39 | Create | Villager (Male) ×5 |
| 30:15 | Research | Hand Cart |
| 30:16 | Create | Villager (Male) ×5 |
| 30:22 | Create | Monk |
| 30:22 | Create | Monk |
| 30:23 | Create | Monk |
| 30:30 | Research | Bloodlines |
| 30:38 | Build | House |
| 30:41 | Create | Demolition Raft |
| 30:42 | Create | Demolition Raft |
| 30:53 | Create | Demolition Raft |
| 30:53 | Create | Demolition Raft |
| 31:06 | Build | Dock |
| 31:47 | Build | Market |
| 31:57 | Build | Farm |
| 31:57 | Build | Farm |
| 31:58 | Build | Farm |
| 33:34 | Research | Husbandry |
| 33:47 | Build | Stable |
| 33:53 | Build | Stone Wall |
| 34:02 | Create | Villager (Male) ×5 |
| 34:11 | Create | Villager (Male) |
| 34:40 | Build | Stable |
| 34:49 | Build | Stable |
| 35:28 | Build | Gate |
| 35:30 | Build | Stable |
| 35:32 | Build | Stable |
| 35:35 | Build | House |
| 35:42 | Build | Farm |
| 35:42 | Build | Farm |
| 35:43 | Build | Farm |
| 35:48 | Build | Farm |
| 35:48 | Build | Farm |
| 35:49 | Build | Farm |
| 35:49 | Build | Farm |
| 36:01 | Build | Castle |
| 36:20 | Build | Castle |
| 36:46 | Build | Farm |
| 36:46 | Build | Farm |
| 36:47 | Build | Farm |
| 36:47 | Build | Farm |
| 36:47 | Build | Farm |
| 36:52 | Build | Farm |
| 37:01 | Build | Gate |
| 37:03 | Build | Stable |
| 37:22 | Build | Farm |
| 37:28 | Create | Demolition Raft |
| 37:28 | Create | Demolition Raft |
| 38:13 | Build | University |
| 38:15 | Build | Gate |
| 38:18 | Build | House |
| 38:27 | Build | Stable |
| 38:30 | Build | House |
| 38:40 | Build | Town Center |
Build order — hass
First 150 of 168 actions detected
| 1:03 | Build | Town Center |
| 2:09 | Build | House |
| 2:15 | Build | House |
| 2:59 | Create | Villager (Male) ×4 |
| 4:37 | Create | Villager (Male) |
| 4:38 | Create | Villager (Male) |
| 4:40 | Create | Villager (Male) |
| 5:35 | Create | Villager (Male) ×2 |
| 5:57 | Build | Dock |
| 6:45 | Research | Loom |
| 7:07 | Create | Villager (Male) ×3 |
| 8:23 | Create | Fishing Ship |
| 8:32 | Build | House |
| 8:44 | Create | Villager (Male) ×5 |
| 9:07 | Create | Villager (Male) ×2 |
| 9:25 | Build | House |
| 9:27 | Build | House |
| 9:38 | Create | Fishing Ship |
| 10:24 | Build | Mill |
| 10:43 | Create | Fishing Ship |
| 10:57 | Build | House |
| 11:06 | Build | Palisade Wall |
| 11:34 | Create | Villager (Male) ×5 |
| 11:47 | Create | Fishing Ship ×2 |
| 12:32 | Create | Villager (Male) ×5 |
| 12:47 | Create | Fishing Ship |
| 12:47 | Create | Fishing Ship |
| 13:28 | Build | Barracks |
| 13:38 | Build | Palisade Wall |
| 13:56 | Build | Palisade Gate |
| 14:25 | Research | Feudal Age |
| 14:58 | Create | Fishing Ship ×5 |
| 15:18 | Build | House |
| 15:21 | Build | House |
| 15:29 | Build | Palisade Wall |
| 16:12 | Build | Palisade Wall |
| 16:53 | Age | Feudal Age |
| 17:18 | Build | Dock |
| 17:38 | Create | Villager (Male) ×5 |
| 17:57 | Build | Stable |
| 18:03 | Build | Blacksmith |
| 19:02 | Research | Castle Age |
| 19:07 | Build | Mining Camp |
| 19:25 | Research | Bloodlines |
| 19:30 | Research | Padded Archer Armor |
| 19:30 | Research | Forging |
| 19:56 | Create | Fishing Ship ×5 |
| 19:59 | Research | Tech 906 |
| 20:17 | Create | Fishing Ship ×5 |
| 21:06 | Build | House |
| 21:06 | Build | House |
| 21:06 | Build | House |
| 21:07 | Build | House |
| 21:07 | Build | House |
| 21:07 | Build | House |
| 21:29 | Build | Lumber Camp |
| 21:37 | Create | Villager (Male) ×5 |
| 21:42 | Age | Castle Age |
| 22:07 | Build | Town Center |
| 22:45 | Build | Castle |
| 22:48 | Research | Husbandry |
| 22:51 | Research | Leather Archer Armor |
| 23:00 | Research | Fletching |
| 23:12 | Create | Villager (Male) ×5 |
| 23:20 | Research | Town Watch |
| 23:36 | Create | Unit 2626 ×2 |
| 24:02 | Create | Conquistador ×4 |
| 24:25 | Build | Farm |
| 24:26 | Build | Farm |
| 24:26 | Build | Farm |
| 24:27 | Build | Farm |
| 24:27 | Build | Farm |
| 24:27 | Build | Farm |
| 24:27 | Build | Farm |
| 24:28 | Build | Farm |
| 24:28 | Build | Farm |
| 24:28 | Build | Farm |
| 24:29 | Build | Farm |
| 24:29 | Build | Farm |
| 24:30 | Build | Farm |
| 24:30 | Build | Farm |
| 24:30 | Build | Farm |
| 24:31 | Build | Farm |
| 24:31 | Build | Farm |
| 24:31 | Build | Farm |
| 24:35 | Build | Farm |
| 24:38 | Build | Farm |
| 24:41 | Build | Farm |
| 24:41 | Build | Farm |
| 24:41 | Build | Farm |
| 24:42 | Build | Farm |
| 24:43 | Build | Farm |
| 24:45 | Build | Farm |
| 24:52 | Create | Villager (Male) ×3 |
| 25:32 | Build | Lumber Camp |
| 26:19 | Research | Horse Collar |
| 26:23 | Research | Double-Bit Axe |
| 26:28 | Create | Villager (Male) ×3 |
| 26:37 | Research | War Galley (upgrade) |
| 26:45 | Create | Unit 2626 |
| 26:45 | Create | Unit 2626 |
| 27:55 | Create | Unit 2626 |
| 28:38 | Create | Unit 2626 ×5 |
| 28:41 | Create | Unit 2626 ×5 |
| 29:01 | Create | Conquistador ×5 |
| 30:12 | Build | Town Center |
| 30:17 | Create | Villager (Male) ×5 |
| 30:24 | Research | Wheelbarrow |
| 31:04 | Create | Conquistador ×4 |
| 31:24 | Create | Unit 2626 ×5 |
| 31:27 | Create | Unit 2626 ×5 |
| 34:23 | Build | Castle |
| 34:38 | Research | Hand Cart |
| 34:40 | Research | Town Patrol |
| 35:40 | Build | Castle |
| 35:49 | Create | Villager (Male) ×4 |
| 36:23 | Research | Forging |
| 36:50 | Create | Villager (Male) |
| 37:43 | Research | Stone Mining |
| 38:08 | Build | Castle |
| 38:17 | Create | Conquistador ×4 |
| 40:12 | Build | Castle |
| 40:18 | Research | Bodkin Arrow |
| 41:39 | Create | Conquistador ×3 |
| 42:17 | Build | Siege Workshop |
| 42:22 | Build | Monastery |
| 42:42 | Build | Castle |
| 42:48 | Create | Villager (Male) ×3 |
| 43:09 | Create | Mangonel ×5 |
| 43:11 | Create | Conquistador ×2 |
| 46:31 | Build | Mining Camp |
| 48:02 | Build | Town Center |
| 48:09 | Create | Villager (Male) ×5 |
| 48:16 | Create | Villager (Male) ×4 |
| 50:31 | Build | Castle |
| 53:15 | Build | Mill |
| 53:33 | Build | Castle |
| 56:51 | Build | Town Center |
| 58:56 | Create | Villager (Male) ×2 |
| 60:00 | Create | Villager (Male) ×4 |
| 61:17 | Create | Villager (Male) ×3 |
| 61:32 | Create | Villager (Male) ×5 |
| 62:38 | Create | Villager (Male) ×2 |
| 63:55 | Build | Dock |
| 64:25 | Build | Dock |
| 64:33 | Build | Farm |
| 64:33 | Build | Farm |
| 64:34 | Build | Farm |
| 64:34 | Build | Farm |
| 64:34 | Build | Farm |
Build order — manu.sf
First 150 of 453 actions detected
| 0:43 | Build | Town Center |
| 2:51 | Build | House |
| 3:03 | Build | House |
| 3:15 | Create | Villager (Male) |
| 3:15 | Create | Villager (Male) |
| 3:15 | Create | Villager (Male) |
| 3:16 | Create | Villager (Male) |
| 3:16 | Create | Villager (Male) |
| 5:02 | Build | Lumber Camp |
| 5:05 | Create | Villager (Male) |
| 5:05 | Create | Villager (Male) |
| 5:57 | Create | Villager (Male) |
| 5:57 | Create | Villager (Male) |
| 5:57 | Create | Villager (Male) |
| 6:56 | Create | Villager (Male) |
| 8:08 | Create | Villager (Male) |
| 8:09 | Create | Villager (Male) |
| 8:09 | Create | Villager (Male) |
| 8:11 | Create | Villager (Male) |
| 8:38 | Build | Dock |
| 8:48 | Build | Lumber Camp |
| 8:55 | Create | Villager (Male) |
| 8:55 | Create | Villager (Male) |
| 9:29 | Research | Double-Bit Axe |
| 9:58 | Build | House |
| 10:13 | Create | Fishing Ship |
| 10:13 | Create | Fishing Ship |
| 10:26 | Research | Wheelbarrow |
| 10:43 | Create | Villager (Male) |
| 10:43 | Create | Villager (Male) |
| 10:54 | Build | House |
| 10:57 | Build | House |
| 10:59 | Build | House |
| 11:44 | Build | Mill |
| 11:50 | Create | Fishing Ship |
| 11:51 | Create | Fishing Ship |
| 12:09 | Create | Villager (Male) |
| 12:09 | Create | Villager (Male) |
| 12:10 | Create | Villager (Male) |
| 12:10 | Create | Villager (Male) |
| 12:22 | Create | Fishing Ship |
| 12:33 | Create | Fishing Ship |
| 12:37 | Create | Fishing Ship |
| 13:49 | Create | Fishing Ship |
| 13:50 | Create | Fishing Ship |
| 13:53 | Research | Tech 906 |
| 14:23 | Create | Villager (Male) |
| 14:43 | Build | Farm |
| 14:45 | Build | Farm |
| 14:46 | Build | Farm |
| 14:51 | Build | Farm |
| 14:55 | Create | Villager (Male) |
| 14:55 | Create | Villager (Male) |
| 14:56 | Create | Villager (Male) |
| 14:56 | Create | Villager (Male) |
| 14:56 | Create | Villager (Male) |
| 15:44 | Build | House |
| 16:30 | Build | Lumber Camp |
| 17:05 | Build | Palisade Wall |
| 17:30 | Build | Palisade Wall |
| 17:40 | Build | Farm |
| 17:42 | Build | Farm |
| 17:43 | Build | Farm |
| 17:45 | Build | Farm |
| 17:47 | Build | Farm |
| 17:51 | Build | Farm |
| 17:52 | Build | Farm |
| 17:55 | Build | Farm |
| 18:15 | Create | Villager (Male) |
| 18:16 | Create | Villager (Male) |
| 18:21 | Research | Feudal Age |
| 18:22 | Create | Villager (Male) |
| 18:23 | Create | Villager (Male) |
| 18:23 | Create | Villager (Male) |
| 18:40 | Research | Horse Collar |
| 18:42 | Create | Villager (Male) |
| 18:43 | Create | Villager (Male) |
| 18:51 | Build | Farm |
| 18:53 | Build | Farm |
| 18:55 | Build | Farm |
| 18:57 | Build | Farm |
| 19:08 | Create | Villager (Male) |
| 19:53 | Build | Barracks |
| 20:12 | Create | Fishing Ship |
| 20:13 | Create | Fishing Ship |
| 20:13 | Create | Fishing Ship |
| 20:13 | Create | Fishing Ship |
| 20:23 | Create | Fishing Ship |
| 20:31 | Age | Feudal Age |
| 20:41 | Research | Heavy Plow |
| 20:43 | Research | Bow Saw |
| 20:49 | Create | Villager (Male) |
| 20:49 | Create | Villager (Male) |
| 20:50 | Create | Villager (Male) |
| 21:01 | Build | Watch Tower |
| 21:54 | Create | Fire Galley |
| 21:54 | Create | Fire Galley |
| 21:54 | Create | Fire Galley |
| 22:35 | Create | Fire Galley |
| 22:36 | Create | Fire Galley |
| 23:04 | Build | Mining Camp |
| 24:49 | Build | Archery Range |
| 24:50 | Build | Archery Range |
| 24:53 | Research | Gold Mining |
| 25:08 | Build | Stable |
| 25:15 | Create | Fishing Ship |
| 25:16 | Create | Fishing Ship |
| 25:16 | Create | Fishing Ship |
| 25:16 | Create | Fishing Ship |
| 25:24 | Create | Fishing Ship |
| 25:39 | Create | Unit 2626 |
| 25:39 | Create | Unit 2626 |
| 25:40 | Create | Unit 2626 |
| 25:54 | Create | Villager (Male) |
| 25:54 | Create | Villager (Male) |
| 25:54 | Create | Villager (Male) |
| 25:54 | Create | Villager (Male) |
| 25:55 | Create | Villager (Male) |
| 25:55 | Create | Villager (Male) |
| 26:12 | Build | House |
| 26:13 | Build | House |
| 26:27 | Build | House |
| 26:29 | Build | House |
| 27:05 | Build | Lumber Camp |
| 27:43 | Build | Stone Wall |
| 27:56 | Build | Farm |
| 27:59 | Build | Farm |
| 28:02 | Build | Farm |
| 28:40 | Build | Mining Camp |
| 29:06 | Create | Villager (Male) |
| 29:06 | Create | Villager (Male) |
| 29:31 | Build | Lumber Camp |
| 29:55 | Build | Stone Wall |
| 30:01 | Build | Stone Wall |
| 30:03 | Build | Stone Wall |
| 30:13 | Create | Scout Cavalry |
| 30:45 | Build | Mining Camp |
| 30:49 | Create | Villager (Male) |
| 30:49 | Create | Villager (Male) |
| 30:54 | Research | Castle Age |
| 30:56 | Create | Villager (Male) |
| 30:56 | Create | Villager (Male) |
| 30:57 | Create | Villager (Male) |
| 30:57 | Create | Villager (Male) |
| 30:57 | Create | Villager (Male) |
| 31:11 | Build | Farm |
| 31:44 | Build | Market |
| 31:53 | Research | Hand Cart |
| 32:09 | Research | Gillnets |
| 33:01 | Create | Archer |
Match timeline
| 0:36 | DarKLORD JK · first_building Dock |
| 0:43 | frizboum · first_building Dock |
| 5:57 | hass · first_building Dock |
| 8:38 | manu.sf · first_building Dock |
| 11:06 | hass · wall_segment Palisade Wall x3 |
| 11:48 | frizboum · first_building Barracks |
| 13:28 | hass · first_building Barracks |
| 13:38 | hass · wall_segment Palisade Wall x5 |
| 15:02 | DarKLORD JK · first_building Barracks |
| 15:29 | hass · wall_segment Palisade Wall x3 |
| 16:12 | hass · wall_segment Palisade Wall x2 |
| 16:35 | DarKLORD JK · age_up feudal |
| 16:53 | hass · age_up feudal |
| 17:05 | manu.sf · wall_segment Palisade Wall x8 |
| 17:30 | manu.sf · wall_segment Palisade Wall x8 |
| 17:37 | DarKLORD JK · first_building Stable |
| 17:57 | hass · first_building Stable |
| 19:17 | frizboum · first_building Stable |
| 19:53 | manu.sf · first_building Barracks |
| 20:31 | manu.sf · age_up feudal |
| 21:42 | hass · age_up castle |
| 22:45 | hass · first_building Castle |
| 24:49 | manu.sf · first_building Archery Range |
| 25:08 | manu.sf · first_building Stable |
| 25:09 | DarKLORD JK · age_up castle |
| 26:09 | DarKLORD JK · wall_segment Stone Wall x1 |
| 26:12 | DarKLORD JK · wall_segment Stone Wall x1 |
| 27:43 | manu.sf · wall_segment Stone Wall x4 |
| 29:15 | DarKLORD JK · first_building Monastery |
| 29:30 | frizboum · first_building Siege Workshop |
| 29:47 | frizboum · first_building Castle |
| 29:55 | manu.sf · wall_segment Stone Wall x3 |
| 30:01 | manu.sf · wall_segment Stone Wall x2 |
| 30:03 | manu.sf · wall_segment Stone Wall x1 |
| 30:51 | frizboum · first_market_buy 100 wood |
| 32:29 | frizboum · first_building Archery Range |
| 33:34 | manu.sf · age_up castle |
| 33:53 | DarKLORD JK · wall_segment Stone Wall x7 |
| 36:01 | DarKLORD JK · first_building Castle |
| 36:38 | manu.sf · wall_segment Stone Wall x17 |
| 39:29 | DarKLORD JK · first_building Siege Workshop |
| 40:46 | manu.sf · wall_segment Stone Wall x2 |
| 40:52 | manu.sf · wall_segment Stone Wall x20 |
| 41:04 | manu.sf · wall_segment Stone Wall x7 |
| 42:17 | hass · first_building Siege Workshop |
| 42:20 | DarKLORD JK · age_up imperial |
| 42:22 | hass · first_building Monastery |
| 42:25 | manu.sf · first_building Monastery |
| 45:31 | DarKLORD JK · first_market_buy 100 wood |
| 45:32 | manu.sf · first_building Siege Workshop |
| 48:43 | manu.sf · first_market_sell 100 wood |
| 49:14 | manu.sf · first_building Castle |
| 49:52 | manu.sf · age_up imperial |
| 51:37 | manu.sf · wall_segment Stone Wall x4 |
| 53:11 | DarKLORD JK · first_building Archery Range |
| 54:32 | DarKLORD JK · first_market_sell 100 wood |
| 55:37 | manu.sf · first_market_buy 100 wood |
| 57:38 | manu.sf · wall_segment Stone Wall x13 |
| 57:40 | manu.sf · wall_segment Stone Wall x7 |
| 64:46 | frizboum · first_market_sell 100 wood |
| 67:18 | manu.sf · wall_segment Stone Wall x2 |
| 67:19 | manu.sf · wall_segment Stone Wall x3 |
| 67:22 | manu.sf · wall_segment Stone Wall x1 |
| 69:42 | hass · resign |
[ AI ANALYSIS · 1 CREDIT ]
What really happened in this match?
Wolo.gg analyzes every decision: build order, eco, micro, common mistakes by bracket. Personalized analysis on WhatsApp or Discord in 30 seconds.
Civ guide
Magyars
Map guide
Nomad
Perfil
frizboum